 Dungeon Crawl Stone Soup version 0.32-a0-818-gb728d0252e (webtiles) character file.

Game seed: 209319568776584577

3635 cforsyth the Thaumaturge (level 9, -1/45 HPs)
             Began as a Deep Elf Earth Elementalist on Mar 24, 2024.
             Slain by a wyvern (18 damage)
             ... on level 8 of the Dungeon.
             The game lasted 00:14:18 (7657 turns).

cforsyth the Thaumaturge (DEEE)                     Turns: 7657, Time: 00:14:19

Health: -1/45      AC:  5    Str:  7    XL:     9   Next: 87%
Magic:  15/23      EV: 15    Int: 23    God:
Gold:   533        SH:  0    Dex: 15    Spells: 18/25 levels left

rFire   + . .        (no weapon)
rCold   . . .        (no shield)
rNeg    . . .        z - +2 robe {Will+}
rPois   .            j - +0 helmet
rElec   .            (no cloak)
rCorr   .            (no gloves)
SInv    +            (no boots)
Will    +....        B - amulet of regeneration
Stlth   +++          F - ring of protection from fire
HPRegen 1.07/turn    v - ring of see invisible
MPRegen 0.18/turn

%: no passive effects
@: no status effects
A: no striking features
a: no special abilities


You were on level 8 of the Dungeon.
You visited 1 branch of the dungeon, and saw 8 of its levels.

You collected 533 gold pieces.


   Skills:
 + Level 7.9 Dodging
 - Level 4.8 Stealth
 + Level 8.8 Spellcasting
 + Level 6.9 Conjurations
 + Level 5.8 Summonings
 + Level 7.7 Earth Magic


You had 18 spell levels left.
You knew the following spells:

 Your Spells              Type           Power      Damage    Failure   Level
c - Call Canine Familiar  Summ           37%        N/A       1%          3
w - Stone Arrow           Conj/Erth      88%        3d12      1%          3
z - Sandblast             Erth           90%        2d19      1%          1

Your spell library contained the following spells:

 Spells                   Type           Power      Damage    Failure   Level
 Sting                    Conj/Alch      100%       1d9       1%          1
 Passwall                 Erth           45%        N/A       1%          3
 Brom's Barrelling Bould  Conj/Erth      44%        2d6       3%          4
 Mercury Vapours          Alch/Air       20%        N/A       10%         2
 Petrify                  Alch/Erth      27%        N/A       13%         4
 Gell's Gravitas          Tloc           10%        N/A       19%         3
 Sigil of Binding         Hex            10%        N/A       19%         3
 Teleport Other           Tloc           10%        N/A       19%         3
 Borgnjor's Vile Clutch   Necr/Erth      13%        N/A       34%         5
 Summon Forest            Summ/Tloc      11%        N/A       47%         5
 Summon Mana Viper        Hex/Summ       23%        N/A       47%         5
 Animate Dead             Necr           10%        N/A       54%         4
 Dimensional Bullseye     Hex/Tloc       5%         N/A       54%         4
 Olgreb's Toxic Radiance  Alch           10%        N/A       54%         4
 Summon Cactus Giant      Summ           18%        N/A       65%         6
 Death Channel            Necr           5%         N/A       100%        6
 Dispersal                Tloc           5%         N/A       100%        6

Inventory:

Armour
 j - a +0 helmet (worn)
 z - a +2 robe of willpower (worn)
 I - the +2 chain mail of Douhixej {Int+5}
   (You found it on level 8 of the Dungeon)

   Int+5:     It affects your intelligence (+5).
Jewellery
 v - a ring of see invisible (right hand)
 B - an amulet of regeneration (around neck)
 F - a ring of protection from fire (left hand)
Wands
 m - a wand of charming (12)
 y - a wand of warping (14)
 C - a wand of quicksilver (7)
 E - a wand of digging (8)
 G - a wand of flame (7)
Scrolls
 a - 2 scrolls of enchant armour {unknown}
 c - a scroll of vulnerability {unknown}
 e - 5 scrolls of identify {unknown}
 g - a scroll of enchant weapon {unknown}
 h - 4 scrolls of revelation {unknown}
 i - a scroll of fog {unknown}
 l - 2 scrolls of amnesia {unknown}
 s - a scroll of butterflies {unknown}
 u - a scroll of acquirement {unknown}
 w - 2 scrolls of poison {unknown}
 D - a scroll of blinking {unknown}
Potions
 b - 4 potions of magic
 d - 2 potions of might
 f - a potion of brilliance {unknown}
 k - 2 potions of heal wounds {unknown}
 n - 6 potions of curing {unknown}
 o - a potion of cancellation
 p - 2 potions of berserk rage {unknown}
 q - 2 potions of resistance {unknown}
 r - 2 potions of degeneration {unknown}
 t - 2 potions of invisibility {unknown}
 x - 2 potions of haste {unknown}
 A - 2 potions of attraction {unknown}
 H - a potion of mutation {unknown}

Dungeon Overview and Level Annotations

Branches:
Dungeon (8/15)             Temple (0/1) D:4
   Lair: D:8-11

Altars:
Fedhas
Hepliaklqana
Kikubaaqudgha
Wu Jian
Xom

Annotations:
D:8 5 runed translucent doors

.## #.. ... ..?
...#.. ... .....
#.#.. .... .....
#.'.. ..... ...
#.. ...#####..
##. ####......#
#. .......k..#
#. ..~~~..@..#
## .~~~≈~~...#
#######
...~~~~...######
#......
...............#
#......
.~~...........)#
#....~.
...............#
#..~~~.
####.##...~~~~.#
#...... #.
#...~~~~.#
#...... #
#........#
#......


You could see a wyvern.


Message History

The wyvern is moderately wounded.
The wyvern hisses angrily.
The wyvern closely misses you.
The blast of sand hits the wyvern!
The wyvern is severely wounded.
The wyvern misses you. The wyvern closely misses you. The wyvern misses you.
The blast of sand hits the wyvern but does no damage.
The wyvern is severely wounded.
The wyvern bites you! x2
* * * LOW HITPOINT WARNING * * *
You are too injured to fight recklessly!
You are too injured to fight recklessly!
You are too injured to fight recklessly!
Unknown command.
Casting: Sandblast (safe; 1% risk of failure)
Confirm with . or Enter, or press ? or * to list all spells.
Aiming: Stone Arrow (safe; 1% risk of failure)
Press: ? - help, Shift-Dir - straight line, f/p - wyvern
Aim: a wyvern (severely wounded, 76% to hit)
The stone arrow hits the wyvern!
The wyvern is almost dead.
The wyvern bites you.
* * * LOW HITPOINT WARNING * * *
Casting: Stone Arrow (safe; 1% risk of failure)
Confirm with . or Enter, or press ? or * to list all spells.
Aiming: Stone Arrow (safe; 1% risk of failure)
Press: ? - help, Shift-Dir - straight line, f/p - wyvern
Aim: a wyvern (almost dead, 76% to hit)
The stone arrow misses the wyvern.
The wyvern bites you!!
You die...

Skill      XL: |  1  2  3  4  5  6  7  8  9 |
---------------+----------------------------+-----
Stealth        | 3 4 |  4.8
Dodging        | 3 4 5 6 7 |  7.9
Conjurations   | 2 3 4 5 6 |  6.9
Spellcasting   | 4 5 6 7 8 |  8.8
Earth Magic    | 4 5 6 7 |  7.7
Summonings     | 2 4 5 |  5.8

Action                     |  1- 3 |  4- 6 |  7- 9 || total
---------------------------+-------+-------+-------++-------
  Melee: Unarmed           |       |     1 |     1 ||     2
   Cast: Sandblast         |    52 |    42 |   252 ||   346
         Stone Arrow       |       |       |     5 ||     5
    Use: Potion            |       |       |     2 ||     2
 Armour: Robe              |     9 |    12 |    87 ||   108
  Dodge: Dodged            |    12 |    18 |   132 ||   162

Levels and vault maps discovered:
D:1:      elethiomel_arrival_shortcut, layout_rooms
D:2:      layout_loops_ring, uniq_robin
D:3:      layout_loops_ring, hellmonk_ecumenical_altar_prayer_group, uniq_ijyb
D:4:      layout_cave_pools, minmay_temple_entry_grid,
          nicolae_twisty_statue_hallways
D:5:      layout_cave_pools, mainiacjoe_overflow_swirl, serial_rivers,
          chequers_serial_rivers_micro_d, chequers_serial_rivers_room_a,
          chequers_serial_rivers_micro_c, chequers_serial_rivers_small_3,
          chequers_serial_rivers_micro_b, chequers_serial_rivers_small_3,
          kennysheep_generic_room_16, uniq_sigmund
D:6:      layout_basic, xom_teletrap_fun, uniq_eustachio
D:7:      layout_rooms, mainiacjoe_overflow_two_lobes, hangedman_misty_isle
D:8:      minmay_the_grid_triangle_9x9_rhombus_full
          [minmay_the_grid_triangle_9x9_tough_junction,
          minmay_the_grid_triangle_9x9_flanged_cone,
          minmay_the_grid_triangle_9x9_alien,
          minmay_the_grid_triangle_9x9_fully_insulated_deathbox,
          minmay_the_grid_triangle_9x9_steps,
          minmay_the_grid_triangle_9x9_corrupted_corridor,
          minmay_the_grid_triangle_9x9_windchime,
          minmay_the_grid_triangle_9x9_prize_schism], layout_basic

Notes
Turn   | Place    | Note
-------+----------+-------------------------------------------
     0 | D:1      | cforsyth the Deep Elf Earth Elementalist began the quest
                  | for the Orb.
     0 | D:1      | Reached XP level 1. HP: 10/10 MP: 6/6
   107 | D:1      | Reached XP level 2. HP: 7/15 MP: 2/8
   432 | D:1      | Reached XP level 3. HP: 19/19 MP: 7/9
   536 | D:1      | Reached skill level 3 in Stealth
   915 | D:2      | Reached skill level 3 in Dodging
   946 | D:2      | Reached skill level 2 in Conjurations
  1026 | D:2      | Noticed Robin
  1032 | D:2      | Killed Robin
  1033 | D:2      | Reached XP level 4. HP: 22/24 MP: 2/11
  1706 | D:3      | Reached skill level 4 in Spellcasting
  1754 | D:3      | You fall into a shaft and drop 2 floors!
  1754 | D:5      | Entered Level 5 of the Dungeon
  1776 | D:5      | Noticed Sigmund
  1892 | D:5      | Killed Sigmund
  1893 | D:5      | Reached skill level 4 in Stealth
  1893 | D:5      | Reached skill level 3 in Conjurations
  1893 | D:5      | Reached skill level 4 in Earth Magic
  1893 | D:5      | Reached XP level 5. HP: 26/28 MP: 10/13
  1918 | D:5      | Reached XP level 6. HP: 31/32 MP: 11/14
  1955 | D:5      | Reached skill level 4 in Dodging
  1997 | D:5      | Noticed a water moccasin
  2003 | D:5      | Killed a water moccasin
  2004 | D:5      | Reached skill level 5 in Spellcasting
  2272 | D:4      | Reached XP level 7. HP: 36/36 MP: 12/17
  2327 | D:3      | Reached skill level 5 in Earth Magic
  2328 | D:3      | Noticed Ijyb
  2345 | D:3      | Killed Ijyb
  2346 | D:3      | Reached skill level 1 in Summonings
  2623 | D:3      | Found a faded altar of an unknown god.
  3103 | D:3      | Reached skill level 4 in Conjurations
  3105 | D:3      | Reached skill level 5 in Dodging
  3273 | D:4      | Reached skill level 2 in Summonings
  3521 | D:4      | Reached skill level 6 in Spellcasting
  3550 | D:4      | Learned a level 3 spell: Stone Arrow
  3554 | D:4      | Learned a level 3 spell: Call Canine Familiar
  3664 | D:4      | Found a staircase to the Ecumenical Temple.
  3821 | D:5      | Reached XP level 8. HP: 36/41 MP: 15/19
  3946 | D:5      | Reached skill level 3 in Summonings
  4228 | D:5      | Found a hazy altar of Hepliaklqana.
  4237 | D:5      | Found an ancient bone altar of Kikubaaqudgha.
  4641 | D:6      | Reached skill level 5 in Conjurations
  4871 | D:6      | Reached skill level 6 in Dodging
  4871 | D:6      | Reached skill level 6 in Earth Magic
  4996 | D:6      | Noticed Eustachio
  5422 | D:6      | Reached skill level 7 in Spellcasting
  5496 | D:5      | Killed Eustachio
  5497 | D:5      | Reached skill level 4 in Summonings
  5870 | D:6      | Reached XP level 9. HP: 45/45 MP: 20/22
  5994 | D:6      | Found a shimmering altar of Xom.
  6228 | D:7      | Reached skill level 6 in Conjurations
  6230 | D:7      | Reached skill level 7 in Dodging
  6233 | D:7      | Reached skill level 7 in Earth Magic
  6273 | D:7      | Reached skill level 8 in Spellcasting
  6273 | D:7      | Reached skill level 5 in Summonings
  6957 | D:7      | Found a blossoming altar of Fedhas.
  6999 | D:7      | Found an ornate altar of the Wu Jian Council.
  7456 | D:8      | Found a runed translucent door.
  7465 | D:8      | Identified the +2 chain mail of Douhixej {Int+5}
  7468 | D:8      | Found a runed translucent door.
  7468 | D:8      | Found a runed translucent door.
  7468 | D:8      | Found a runed translucent door.
  7468 | D:8      | Noticed a centaur warrior
  7468 | D:8      | Noticed a seven-headed hydra
  7468 | D:8      | Identified a +1 buckler of resistance
  7468 | D:8      | Noticed a tengu conjurer
  7468 | D:8      | Noticed a troll
  7481 | D:8      | Found a runed translucent door.
  7481 | D:8      | Noticed a cyclops
  7481 | D:8      | Noticed a troll
  7657 | D:8      | Slain by a wyvern

Vanquished Creatures
  Sigmund (D:5)
  Eustachio (D:5)
  A wyvern (D:8)
  2 steam dragons (D:7)
  3 water moccasins
  An orc warrior (D:8)
  A black bear (D:6)
  4 sky beasts
  3 ogres
  2 centaurs
  3 kobold brigands
  2 bullfrogs
  2 scorpions
  3 wights (D:6)
  3 killer bees (D:8)
  A howler monkey (D:8)
  A bombardier beetle (D:7)
  2 orc priests
  3 hounds
  2 jellies (D:7)
  3 gnoll boudas
  2 sleepcaps
  Ijyb (D:3)
  An iguana (D:7)
  3 orc wizards (D:8)
  Robin (D:2)
  14 gnolls
  11 adders
  2 white imps
  5 ufetubi
  3 dart slugs
  A ribbon worm (D:4)
  17 orcs
  2 bats
  8 endoplasms
  2 giant cockroaches (D:4)
  16 goblins
  5 hobgoblins
  8 jackals
  5 quokkas (D:1)
  4 ball pythons
  3 frilled lizards
  25 kobolds
  7 rats
190 creatures vanquished.

Table legend: (Time is in decaauts)
 A = Elapsed time spent in this place.
 B = Non-inter-level travel time spent in this place.
 C = Inter-level travel time spent in this place.
 D = Time resting spent in this place.
 E = Time spent auto-exploring this place.
 F = Levels seen in this place.
 G = Mean time per level.
                   A        B        C        D        E       F      G
               +--------+--------+--------+--------+--------+-----+--------+
         Total |   7842 |   7631 |    211 |   1088 |   5224 |   8 |  980.2 |
       Dungeon |   7842 |   7631 |    211 |   1088 |   5224 |   8 |  980.2 |
               +--------+--------+--------+--------+--------+-----+--------+

Top non-repeatable levels by time:
     D:5: 1484 daAuts
     D:6: 1407 daAuts
     D:7: 963 daAuts
     D:1: 897 daAuts
     D:4: 838 daAuts
     D:2: 825 daAuts
     D:3: 822 daAuts
     D:8: 604 daAuts

Table legend:
 A = Non-vault XP
 B = Vault XP
 C = Vault XP percentage of total XP
 D = Non-vault monster count
 E = Vault monster count
 F = Vault count percentage of total count
                 A         B        C        D         E       F
            +---------+---------+-------+---------+---------+-------
      Total |    3395 |    1798 |  34.6 |     160 |      30 |  15.8
            +---------+---------+-------+---------+---------+-------
        D:1 |      59 |       0 |   0.0 |      24 |       0 |   0.0
        D:2 |      58 |      28 |  32.6 |      15 |       8 |  34.8
        D:3 |     107 |      43 |  28.7 |      20 |       5 |  20.0
        D:4 |     466 |       0 |   0.0 |      31 |       0 |   0.0
        D:5 |     487 |     825 |  62.9 |      12 |       6 |  33.3
        D:6 |     817 |       0 |   0.0 |      16 |       0 |   0.0
        D:7 |     658 |     742 |  53.0 |      29 |       6 |  17.1
        D:8 |     743 |     160 |  17.7 |      13 |       5 |  27.8
            +---------+---------+-------+---------+---------+-------
